 Dungeon Crawl Stone Soup version 0.26-a0-646-g5d7718319a (webtiles) character file.

Game seed: 13181771736825885524

104 DogServant the Grave Robber (level 4, -4/24 HPs)
             Began as a Deep Elf Necromancer on Sept 24, 2020.
             Killed from afar by a white imp (11 damage)
             ... with a puff of frost
             ... on level 3 of the Dungeon.
             The game lasted 00:06:11 (3551 turns).

DogServant the Grave Robber (Deep Elf Necromancer)  Turns: 3551, Time: 00:06:11

Health: -4/24      AC:  2    Str:  5    XL:     4   Next: 52%
Magic:  11/12      EV: 14    Int: 21    God:
Gold:   133        SH:  0    Dex: 15    Spells: 6/11 levels left

rFire    . . .     SeeInvis .   j - +0 rapier
rCold    . . .     Faith    .   (no shield)
rNeg     . . .     Spirit   .   a - +0 robe
rPois    .         Reflect  .   (no helmet)
rElec    .         Harm     .   (no cloak)
rCorr    .         Rampage  .   (no gloves)
MR       .....                  (no boots)
Stlth    ++........             o - amulet of regeneration
HPRegen  0.48/turn              f - ring of flight
MPRegen  0.13/turn              (no ring)

@: about to teleport
A: no striking features
a: Evoke Flight


You were on level 3 of the Dungeon.
You visited 1 branch of the dungeon, and saw 3 of its levels.

You collected 133 gold pieces.

Inventory:

Hand Weapons
 d - a +0 dagger
 j - a +0 rapier (weapon)
Missiles
 g - 40 arrows
Armour
 a - a +0 robe (worn)
 h - a +0 leather armour
Jewellery
 f - a ring of flight (left hand)
 o - an amulet of regeneration (around neck)
Scrolls
 i - a scroll of teleportation
Potions
 b - a potion of brilliance
 c - 2 potions of invisibility {unknown}
 e - a potion of mutation
 l - a potion of curing {unknown}
 p - a potion of might {unknown}


   Skills:
 + Level 3.4 Dodging
 - Level 2.4 Stealth
 + Level 4.3 Spellcasting
 + Level 6.1 Necromancy


You had 6 spell levels left.
You knew the following spells:

 Your Spells              Type           Power        Failure   Level
a - Pain                  Necr           ####         1%          1
b - Animate Skeleton      Necr           ####..       1%          1
c - Vampiric Draining     Necr           ####......   2%          3

Your spell library contained the following spells:

 Spells                   Type           Power        Failure   Level
 Animate Dead             Necr           ####......   10%         4
 Agony                    Necr           ####....     26%         5


Dungeon Overview and Level Annotations

Branches:
Dungeon (3/15)

Altars:
Elyvilon
Uskayaw


Message History

Casting: Pain (safe; 1% risk of failure)
Confirm with . or Enter, or press ? or * to list all spells.
Aiming: Pain (safe; 1% risk of failure)
Press: ? - help, Shift-Dir - straight line, f - frilled lizard
Aim: a frilled lizard (wandering, hasn't noticed you, chance to defeat MR: 93%)
The frilled lizard hisses angrily.
The frilled lizard writhes in agony.
You kill the frilled lizard!
You hit the white imp but do no damage. The white imp gestures at you.
The puff of frost hits you.
You hit the white imp but do no damage. The white imp hits you.
The white imp freezes you.
You aren't carrying any items that you can evoke.
As you read the scroll of teleportation, it crumbles to dust.
You feel strangely unstable. The white imp hits you. The white imp freezes you.
* * * LOW HITPOINT WARNING * * *
The white imp gestures at you. The puff of frost hits you!
You die...

,* *,,,,*,**,,* *,*
#..#....... ,*
*,,**#,##,** *,*
#..#######. ,* ****
#.#.,,****,*
#..#######. ,*
***#.#.#,,,,,,*
#.......... ,*
*,,,....,******
##.######## ,*
*,**,#..### #.# ** ,*
*,*#.#....#### #.# **,
,***
*,*#†........######.##
*,, ,,,*
*,****#..5.@.........#
*,, ,*,* *,*
#..###=#####.#.# *,,
,*,***,****#..* #†#
#.#.# **,
,*,,,,,,,,....* #.#
#.#.# **
,**,,,*,*###..*
#.#*###.#.#******
***,*,,,* *..<*
#..,..#.#.#*,,,,,
*,***** #..#*
###*#.#.#.#*,**** *,*
#..* #.#.#.#*,* *,*
*,,* #.#...#*,*


You could see a white imp.

Vanquished Creatures
  3 adders (D:2)
  An ooze (D:1)
  2 worms (D:2)
  A dart slug (D:1)
  An orc (D:3)
  5 bats
  2 giant cockroaches
  7 goblins (D:1)
  8 hobgoblins
  7 jackals
  A quokka (D:3)
  2 ball pythons
  6 frilled lizards
  9 kobolds
  8 rats
63 creatures vanquished.

Notes
Turn   | Place    | Note
-------+----------+-------------------------------------------
     0 | D:1      | DogServant the Deep Elf Necromancer began the quest for the
                  | Orb.
     0 | D:1      | Reached XP level 1. HP: 10/10 MP: 6/6
   185 | D:1      | Reached skill level 5 in Necromancy
   412 | D:1      | Reached XP level 2. HP: 11/15 MP: 2/8
  1070 | D:1      | Reached XP level 3. HP: 15/19 MP: 5/10
  1447 | D:2      | Found a hide-covered altar of Uskayaw.
  1954 | D:1      | Learned a level 1 spell: Animate Skeleton
  1958 | D:1      | Learned a level 3 spell: Vampiric Draining
  2863 | D:2      | Reached XP level 4. HP: 24/24 MP: 10/12
  3001 | D:2      | Reached skill level 6 in Necromancy
  3466 | D:3      | Found a white marble altar of Elyvilon.
  3551 | D:3      | Killed from afar by a white imp

Illustrated notes

Levels and vault maps discovered:
D:1:      giann_wishing_wells, layout_basic
D:2:      layout_rooms, old_standard_altar
D:3:      layout_loops_ring, lemuel_coloured_pillars_altar,
          nicolae_overflow_crystal_walls

Skill      XL: |  1  2  3  4 |
---------------+-------------+-----
Necromancy     | 5 6 |  6.1
Dodging        | 3 |  3.4
Spellcasting   | 4 |  4.3
Stealth        | |  2.4

Action                   |  1- 3 |  4- 6 || total
-------------------------+-------+-------++-------
Melee: Dagger            |    28 |       ||    28
       Rapier            |     5 |     9 ||    14
 Cast: Pain              |    59 |    25 ||    84
       Vampiric Draining |     1 |     1 ||     2
       Animate Skeleton  |     1 |       ||     1
  Use: Scroll            |       |     8 ||     8
 Stab: Sleeping          |     2 |       ||     2
Armor: Robe              |    10 |     2 ||    12
Dodge: Dodged            |    41 |     6 ||    47

Table legend: (Time is in decaauts)
 A = Elapsed time spent in this place.
 B = Non-inter-level travel time spent in this place.
 C = Inter-level travel time spent in this place.
 D = Time resting spent in this place.
 E = Time spent auto-exploring this place.
 F = Levels seen in this place.
 G = Mean time per level.
                   A        B        C        D        E       F      G
               +--------+--------+--------+--------+--------+-----+--------+
         Total |   3552 |   3466 |     86 |   1262 |   1805 |   3 | 1184.0 |
       Dungeon |   3552 |   3466 |     86 |   1262 |   1805 |   3 | 1184.0 |
               +--------+--------+--------+--------+--------+-----+--------+

Top non-repeatable levels by time:
     D:1: 1955 daAuts
     D:2: 1234 daAuts
     D:3: 363 daAuts
